General information
- name: BNet
- type: Ladder team game (AT/RT)
- host: Battle.net
- saver: GapInTheTooth
map: GnollWood
- players: 6
- length: 31:00
- speed: Fast
- version: 1.21 W3XP
- replay type: Public
» download(175 KB)
Players
team 1 (winner)
digitalJESUS (
yellow | 45 APM | 1386 actions | 30:54)
3 Goblin Alchemist
2 Acid Bomb
1 Healing Spray
» actions
| Assign group hotkey | 5 | |
| Basic commands | 2 | |
| Build / train | 35 | |
| Enter build submenu | 27 | |
| Enter hero's abilities submenu | 5 | |
| Remove unit from queue | 12 | |
| Right click | 996 | |
| Select / deselect | 224 | |
| Use ability | 80 | |
1386 total
» units
» buildings
| Altar of Elders | 3 | |
| Moon Well | 22 | |
| Tree of Ages | 1 | |
| Tree of Eternity | 1 | |
| Tree of Life | 4 | |
31 total
» build order
00:12 Altar of Elders
00:38 Moon Well
02:14 Moon Well
03:09 Moon Well
04:57 Tree of Ages
05:12 Moon Well
05:33 Moon Well
06:06 Moon Well
06:19 Moon Well
07:11 Moon Well
08:51 Tree of Eternity
09:38 Moon Well
11:10 Moon Well
12:21 Altar of Elders
12:32 Moon Well
12:34 Moon Well
12:36 Moon Well
12:38 Moon Well
12:41 Moon Well
12:44 Moon Well
12:49 Moon Well
13:03 Moon Well
21:44 Tree of Life
21:54 Tree of Life
22:00 Tree of Life
22:51 Altar of Elders
22:57 Moon Well
25:41 Tree of Life
26:35 Moon Well
26:36 Moon Well
26:38 Moon Well
» items
| Boots of Speed | 2 | |
| Staff of Teleportation | 1 | |
3 total
GapInTheTooth (
orange | 60 APM | 1852 actions | 31:00)
4 Blood Mage
2 Flame Strike
2 Siphon Mana
» actions
| Assign group hotkey | 19 | |
| Basic commands | 95 | |
| Build / train | 87 | |
| ESC pressed | 29 | |
| Enter build submenu | 56 | |
| Enter hero's abilities submenu | 6 | |
| Right click | 776 | |
| Select / deselect | 577 | |
| Select group hotkey | 60 | |
| Use ability | 146 | |
1852 total
» units
» upgrades
| Masonry | 3 | |
| Fragmentation Shards | 1 | |
| Gunpowder | 3 | |
| Lumber Harvesting | 2 | |
| Magic Sentry | 1 | |
| Flare | 1 | |
| Sorceress Training | 1 | |
| Armor | 2 | |
14 total
» buildings
| Altar of Kings | 1 | |
| Lumber Mill | 1 | |
| Farm | 7 | |
| Scout Tower | 70 | |
| Guard Tower | 32 | |
| Keep | 1 | |
| Blacksmith | 2 | |
| Castle | 1 | |
| Workshop | 2 | |
| Arcane Sanctum | 1 | |
| Cannon Tower | 3 | |
121 total
» build order
00:13 Altar of Kings
00:19 Lumber Mill
00:31 Farm
01:19 Scout Tower
01:20 Scout Tower
01:21 Scout Tower
01:36 Farm
01:42 Scout Tower
01:43 Scout Tower
01:44 Scout Tower
01:45 Scout Tower
01:58 Guard Tower
02:11 Guard Tower
02:34 Guard Tower
02:36 Scout Tower
02:37 Scout Tower
02:38 Scout Tower
02:53 Guard Tower
03:30 Guard Tower
03:34 Scout Tower
03:39 Guard Tower
03:42 Keep
04:03 Guard Tower
04:06 Scout Tower
04:07 Scout Tower
04:07 Scout Tower
04:08 Scout Tower
04:16 Scout Tower
04:20 Guard Tower
04:59 Guard Tower
05:01 Guard Tower
05:03 Scout Tower
05:06 Guard Tower
05:21 Blacksmith
05:24 Blacksmith
05:30 Scout Tower
05:31 Guard Tower
05:35 Guard Tower
05:59 Guard Tower
06:06 Guard Tower
06:13 Scout Tower
06:13 Scout Tower
06:34 Scout Tower
06:39 Scout Tower
07:02 Castle
07:05 Workshop
07:07 Scout Tower
07:08 Guard Tower
07:09 Guard Tower
07:11 Scout Tower
07:28 Guard Tower
07:29 Scout Tower
07:35 Scout Tower
07:35 Scout Tower
08:02 Guard Tower
08:29 Guard Tower
08:33 Scout Tower
08:34 Scout Tower
08:35 Scout Tower
09:22 Guard Tower
09:39 Guard Tower
10:05 Scout Tower
10:06 Scout Tower
11:39 Guard Tower
11:42 Scout Tower
11:43 Scout Tower
11:50 Workshop
11:56 Arcane Sanctum
12:27 Farm
12:37 Farm
12:38 Farm
12:42 Guard Tower
12:48 Scout Tower
13:33 Guard Tower
13:56 Farm
13:57 Farm
20:36 Scout Tower
20:37 Scout Tower
20:39 Scout Tower
20:40 Scout Tower
20:42 Scout Tower
20:43 Scout Tower
20:47 Scout Tower
20:47 Scout Tower
20:50 Scout Tower
20:52 Scout Tower
20:53 Scout Tower
21:37 Guard Tower
21:41 Cannon Tower
21:56 Cannon Tower
22:01 Cannon Tower
22:18 Guard Tower
22:52 Guard Tower
24:30 Scout Tower
24:32 Scout Tower
24:35 Scout Tower
25:30 Guard Tower
27:00 Scout Tower
27:00 Scout Tower
27:01 Scout Tower
27:01 Scout Tower
27:03 Scout Tower
28:05 Guard Tower
28:54 Scout Tower
28:54 Scout Tower
28:55 Scout Tower
28:56 Scout Tower
28:57 Scout Tower
28:57 Scout Tower
28:58 Scout Tower
28:59 Scout Tower
29:51 Guard Tower
30:42 Guard Tower
30:47 Scout Tower
30:47 Scout Tower
30:48 Scout Tower
30:48 Scout Tower
30:50 Scout Tower
30:50 Scout Tower
30:52 Scout Tower
30:52 Scout Tower
» items
| Potion of Lesser Invulnerability | 1 | |
| Staff of Teleportation | 1 | |
| Boots of Speed | 1 | |
| Scroll of Town Portal | 2 | |
5 total
J_M_Neverforget (
teal | 44 APM | 1351 actions | 30:54)
8 Blademaster
3 Wind Walk
3 Critical Strike
1 Bladestorm
1 Mirror Image
» actions
| Build / train | 39 | |
| Enter build submenu | 32 | |
| Enter hero's abilities submenu | 8 | |
| Right click | 720 | |
| Select / deselect | 454 | |
| Use ability | 98 | |
1351 total
» units
» upgrades
| Ranged Weapons | 2 | |
| Armor | 1 | |
| Reinforced Defenses | 1 | |
| Liquid Fire | 1 | |
5 total
» buildings
| Altar of Storms | 1 | |
| Orc Burrow | 5 | |
| War Mill | 1 | |
| Watch Tower | 18 | |
| Stronghold | 1 | |
| Voodoo Lounge | 1 | |
| Fortress | 1 | |
| Beastiary | 2 | |
30 total
» build order
00:06 Altar of Storms
00:25 Orc Burrow
00:54 War Mill
02:08 Watch Tower
02:09 Watch Tower
02:21 Watch Tower
02:25 Watch Tower
02:31 Watch Tower
02:35 Watch Tower
03:19 Stronghold
03:21 Watch Tower
03:22 Watch Tower
04:30 Orc Burrow
04:32 Orc Burrow
05:06 Orc Burrow
05:09 Voodoo Lounge
05:29 Watch Tower
05:30 Watch Tower
05:32 Watch Tower
05:53 Fortress
05:56 Beastiary
06:07 Beastiary
06:22 Watch Tower
09:34 Watch Tower
09:56 Watch Tower
11:35 Watch Tower
11:36 Watch Tower
13:01 Watch Tower
13:02 Watch Tower
17:16 Orc Burrow
» items
team 2 (loser)

»
FecalFiesta (
purple | 62 APM | 1854 actions | 29:55)
2 Dreadlord
1 Sleep
1 Vampiric Aura
2 Death Knight
1 Death Coil
1 Death Pact
2 Crypt Lord
1 Impale
1 Spiked Carapace
» actions
| Basic commands | 5 | |
| Build / train | 59 | |
| Enter build submenu | 34 | |
| Enter hero's abilities submenu | 6 | |
| Remove unit from queue | 2 | |
| Right click | 1022 | |
| Select / deselect | 679 | |
| Use ability | 47 | |
1854 total
» units
| Acolyte | 14 | |
| Ghoul | 4 | |
| Crypt Fiend | 10 | |
| Meatwagon | 10 | |
| Abomination | 1 | |
| Obsidian Statue | 1 | |
40 total
» upgrades
| Web | 1 | |
| Unholy Armor | 1 | |
| Unholy Strength | 1 | |
3 total
» buildings
| Altar of Darkness | 1 | |
| Ziggurat | 11 | |
| Crypt | 2 | |
| Graveyard | 1 | |
| Nerubian Tower | 1 | |
| Halls of the Dead | 1 | |
| Tomb of Relics | 1 | |
| Black Citadel | 1 | |
| Slaughterhouse | 2 | |
| Spirit Tower | 1 | |
| Necropolis | 1 | |
23 total
» build order
00:10 Altar of Darkness
00:22 Ziggurat
00:45 Crypt
00:51 Crypt
00:59 Ziggurat
01:31 Graveyard
01:53 Nerubian Tower
03:31 Halls of the Dead
04:03 Ziggurat
04:37 Tomb of Relics
05:52 Black Citadel
05:55 Slaughterhouse
06:22 Slaughterhouse
07:18 Ziggurat
07:31 Ziggurat
15:47 Ziggurat
16:43 Ziggurat
18:19 Spirit Tower
21:14 Ziggurat
21:17 Ziggurat
24:40 Ziggurat
27:08 Necropolis
29:04 Ziggurat
» items
hayesy (
pink | 30 APM | 922 actions | 30:54)
5 Blademaster
3 Wind Walk
2 Critical Strike
3 Shadow Hunter
2 Healing Wave
1 Hex
» actions
| Build / train | 45 | |
| Enter build submenu | 13 | |
| Enter hero's abilities submenu | 8 | |
| Right click | 486 | |
| Select / deselect | 316 | |
| Use ability | 54 | |
922 total
» units
| Peon | 7 | |
| Grunt | 10 | |
| Demolisher | 5 | |
| Tauren | 4 | |
| Shaman | 1 | |
27 total
» upgrades
| Melee Weapons | 1 | |
| Armor | 2 | |
| Berserker Strength | 1 | |
| Shaman Training | 2 | |
6 total
» buildings
| Barracks | 1 | |
| Altar of Storms | 1 | |
| Orc Burrow | 6 | |
| War Mill | 1 | |
| Watch Tower | 1 | |
| Stronghold | 1 | |
| Fortress | 1 | |
| Spirit Lodge | 1 | |
| Tauren Totem | 1 | |
| Great Hall | 1 | |
15 total
» build order
00:08 Barracks
00:16 Altar of Storms
00:27 Orc Burrow
01:01 War Mill
01:51 Orc Burrow
02:29 Watch Tower
03:32 Stronghold
03:45 Orc Burrow
05:32 Orc Burrow
06:41 Fortress
08:28 Spirit Lodge
09:07 Tauren Totem
10:19 Orc Burrow
13:16 Orc Burrow
17:30 Great Hall

»
TitterFritter (
red | 57 APM | 1737 actions | 30:15)
3 Mountain King
2 Storm Bolt
1 Bash
4 Archmage
2 Blizzard
1 Summon Water Elemental
1 Brilliance Aura
» actions
| Assign group hotkey | 1 | |
| Basic commands | 98 | |
| Build / train | 69 | |
| Enter build submenu | 32 | |
| Enter hero's abilities submenu | 7 | |
| Right click | 880 | |
| Select / deselect | 587 | |
| Select group hotkey | 2 | |
| Use ability | 61 | |
1737 total
» units
| Peasant | 12 | |
| Footman | 9 | |
| Rifleman | 7 | |
| Priest | 8 | |
| Mortar Team | 5 | |
| Flying Machine | 5 | |
| Siege Engine | 3 | |
49 total
» upgrades
| Gunpowder | 2 | |
| Armor | 1 | |
| Magic Sentry | 1 | |
4 total
» buildings
| Barracks | 1 | |
| Farm | 13 | |
| Altar of Kings | 1 | |
| Blacksmith | 1 | |
| Keep | 1 | |
| Arcane Vault | 2 | |
| Arcane Sanctum | 1 | |
| Lumber Mill | 1 | |
| Workshop | 3 | |
| Castle | 1 | |
| Scout Tower | 6 | |
| Guard Tower | 2 | |
| Arcane Tower | 1 | |
34 total
» build order
00:09 Barracks
00:21 Farm
00:27 Altar of Kings
01:01 Farm
02:00 Farm
02:26 Blacksmith
03:34 Farm
03:42 Keep
04:27 Arcane Vault
05:06 Farm
05:52 Farm
06:31 Arcane Sanctum
06:58 Farm
07:21 Lumber Mill
07:56 Farm
08:49 Workshop
08:55 Workshop
09:58 Farm
12:57 Farm
16:00 Castle
16:38 Farm
16:41 Farm
17:24 Farm
21:21 Workshop
21:39 Scout Tower
22:10 Guard Tower
23:21 Scout Tower
23:23 Scout Tower
23:54 Arcane Tower
24:06 Guard Tower
24:12 Arcane Vault
25:08 Scout Tower
25:11 Scout Tower
26:33 Scout Tower
» items
| Scroll of Town Portal | 1 | |
| Scroll of Regeneration | 1 | |
2 total
Chat log
(17:47 / All) hayesy: gj retard
(29:18 / All) J_M_Neverforget: Gg
(29:22 / All) J_M_Neverforget: you may quit now
(30:34 / All) digitalJESUS: lmao
(30:35 / All) digitalJESUS: hahaha
(30:38 / All) digitalJESUS: how the fuck did you lose
(30:43 / All) digitalJESUS: I was on the toilet half the game